 Dungeon Crawl Stone Soup version 0.31-a0-142-g31f6795574 (webtiles) character file.

Game seed: 5813776021876339507

226580 Jackthecabe the Summoner (level 17, 0/140 HPs)
             Began as a Demigod Conjurer on June 3, 2023.
             Shot with a bolt by a yaktaur captain (27 damage)
             ... on level 1 of the Vaults.
             The game lasted 02:46:20 (57736 turns).

Jackthecabe the Summoner (Demigod Conjurer)        Turns: 57736, Time: 02:46:21

Health: 0/140      AC: 14    Str: 11    XL:     17   Next: 59%
Magic:  16/38      EV: 13    Int: 40    God:
Gold:   2037       SH:  7    Dex: 12    Spells: 8/39 levels left

rFire   + . .        E - staff of earth "Xilidgh" {rPois, !a}
rCold   + . .        U - +2 buckler
rNeg    . . .        C - +2 robe {rC+}
rPois   +            e - +2 hat
rElec   .            (no cloak)
rCorr   .            S - +2 pair of gloves {Str+3}
SInv    .            m - +2 pair of boots
Will    +....        Z - amulet of magic regeneration
Stlth   ++           f - ring of protection from fire
HPRegen 0.43/turn    L - ring of flight
MPRegen 0.66/turn

%: no passive effects
@: marked, forested, flying
A: high MP 1, forlorn, divine attributes
}: 2/15 runes: decaying, serpentine
a: no special abilities


You were on level 1 of the Vaults.
You visited 8 branches of the dungeon, and saw 33 of its levels.
You also visited: Sewer and Ossuary.

You collected 3132 gold pieces.
You spent 1095 gold pieces at shops.


Innate Abilities, Weirdness & Mutations

You have an increased reservoir of magic. (+10% MP)
You shall have no god before yourself.
Your divine heritage dramatically boosts your attributes as you level up.


   Skills:
 - Level 10.0 Fighting
 - Level 11.1 Armour
 - Level 6.0 Dodging
 - Level 1.7 Stealth
 - Level 5.0 Shields
 + Level 11.9 Spellcasting
 - Level 12.0 Conjurations
 - Level 8.0 Hexes
 * Level 12.8 Summonings
 - Level 8.0 Translocations
 - Level 12.0 Earth Magic
 - Level 4.0 Evocations


You had 8 spell levels left.
You knew the following spells:

 Your Spells              Type           Power      Damage    Failure   Level
f - Fulminant Prism       Conj/Hex       40%        3d19      1%          4
i - Irradiate             Conj/Tmut      32%        3d22      4%          5
t - Summon Forest         Summ/Tloc      41%        N/A       1%          5
v - Summon Mana Viper     Hex/Summ       82%        N/A       1%          5
B - Blink                 Tloc           100%       N/A       1%          2
X - Iskenderun's Mystic   Conj/Tloc      81%        2d16      1%          4
Y - Leda's Unmaking       Conj/Erth      55%        9d9       2%          6

Your spell library contained the following spells:

 Spells                   Type           Power      Damage    Failure   Level
 Magic Dart               Conj           100%       1d8       0%          1
 Summon Small Mammal      Summ           100%       N/A       0%          1
 Apportation              Tloc           100%       N/A       1%          1
 Foxfire                  Conj/Fire      100%       2x1d9     1%          1
 Kiss of Death            Conj/Necr      100%       2d13      1%          1
 Necrotise                Necr           92%        1d8       1%          1
 Ensorcelled Hibernation  Hex/Ice        100%       N/A       1%          2
 Passwall                 Tmut/Erth      68%        N/A       1%          2
 Searing Ray              Conj           100%       2d8       1%          2
 Confusing Touch          Hex            73%        N/A       1%          3
 Dazzling Flash           Conj/Hex       100%       N/A       1%          3
 Inner Flame              Hex/Fire       54%        N/A       1%          3
 Volatile Blastmotes      Fire/Tloc      100%       2d18      1%          3
 Flame Wave               Conj/Fire      64%        2d15      1%          4
 Leda's Liquefaction      Hex/Erth       51%        N/A       1%          4
 Manifold Assault         Tloc           73%        N/A       1%          4
 Petrify                  Tmut/Erth      82%        N/A       1%          4
 Sticky Flame             Conj/Fire      64%        2d8       1%          4
 Lee's Rapid Deconstruct  Erth           55%        3d26*     1%          5
 Summon Cactus Giant      Summ           45%        N/A       1%          6
 Sublimation of Blood     Necr           23%        N/A       3%          2
 Anguish                  Hex/Necr       27%        N/A       3%          4
 Fireball                 Conj/Fire      32%        3d14      4%          5
 Spider Form              Tmut/Pois      23%        N/A       6%          3
 Swiftness                Air            23%        N/A       6%          3
 Vampiric Draining        Necr           23%        2d7       6%          3
 Metabolic Englaciation   Hex/Ice        27%        N/A       11%         5
 Dispel Undead            Necr           23%        3d12      21%         4
 Starburst                Conj/Fire      32%        6d10      26%         6
 Statue Form              Tmut/Erth      54%        N/A       26%         6
 Agony                    Necr           23%        N/A       50%         5
 Plasma Beam              Fire/Air       11%        2x1d22    97%         6
 Storm Form               Tmut/Air       11%        N/A       100%        7

Inventory:

Missiles
 y - 8 curare-tipped darts {=f}
 W - 2 throwing nets {=f}
Armour
 e - a +2 hat (worn)
 m - a +2 pair of boots (worn)
 C - a +2 robe of cold resistance (worn)
 H - a +2 robe of willpower
 S - a +2 pair of gloves of strength (worn)
 U - a +2 buckler (worn)
Magical Staves
 t - a staff of cold {!a}
 E - the staff of earth "Xilidgh" (weapon) {rPois, !a}
   (You acquired it on level 8 of the Dungeon)

   [staff of earth]

   Base accuracy: +5 Base damage: 5 Base attack delay: 1.2 This weapon's minimum
   attack delay (0.6) is reached at skill level 12.
   rPois:     It protects you from poison.
   It falls into the 'Staves' category.
   It is a one-handed weapon.
Jewellery
 f - a ring of protection from fire (left hand)
 v - a ring of see invisible
 w - a ring of willpower
 L - a ring of flight (right hand)
 M - an amulet of regeneration
 R - a ring of resist corrosion
 T - a +4 ring of protection
 Z - an amulet of magic regeneration (around neck)
Wands
 c - a wand of paralysis (63)
 o - a wand of digging (15)
 u - a wand of light (15)
 z - a wand of flame (35)
 G - a wand of mindburst (33)
 V - a wand of polymorph (18)
 X - a wand of iceblast (7)
Scrolls
 d - 2 scrolls of fog
 i - 9 scrolls of teleportation {@r2}
 l - 8 scrolls of immolation
 p - 9 scrolls of poison
 q - 2 scrolls of vulnerability
 r - 4 scrolls of amnesia
 x - 2 scrolls of summoning {unknown}
 B - 2 scrolls of magic mapping
 F - 3 scrolls of blinking
 N - 2 scrolls of fear
 Y - 2 scrolls of silence {!r}
Potions
 a - 2 potions of lignification {unknown}
 b - 6 potions of magic
 g - 12 potions of ambrosia
 h - 3 potions of mutation
 j - 12 potions of enlightenment
 k - 8 potions of brilliance
 n - 14 potions of curing {@q1}
 s - 5 potions of haste {@q3}
 A - 4 potions of cancellation
 I - 5 potions of attraction
 J - 3 potions of heal wounds {@q2}
 K - a potion of resistance {unknown}
 P - 3 potions of invisibility
 Q - 3 potions of might
Miscellaneous
 D - a phial of floods
 O - a box of beasts

Dungeon Overview and Level Annotations

Branches:
Dungeon (15/15)            Temple (1/1) D:4            Lair (5/5) D:8
  Swamp (4/4) Lair:3        Snake (4/4) Lair:2        Slime (0/5) Lair:4
    Orc (2/2) D:12            Elf (0/3) Orc:2        Vaults (1/5) D:13
 Depths (1/4) D:15          Sewer (visited)         Ossuary (visited)

Shops:
D:5 [   D:10 (   D:14 *   Orc:2 :(*=   Snake:2 (

Annotations:
D:5 Menkaure
D:10 exclusion: downstairs
D:14 Nessos
D:15 2 transporters, Bialiabluu's ghost, adept GrEE
Lair:5 5 runed translucent doors, Kyrie's ghost, journeyman MiGl
Swamp:1 Roxanne
Swamp:4 exclusion: oklob plant
Snake:1 Mlioglotl
Snake:2 Nikola

▒▒▒♣♣♣♣♣♣▒▒
♣.........▒
♣.........▒
♣.....♣...▒
▒..~~.∩...▒
♣@..~~.)p.♣
♣...~~..c.▒
♣♣♣▒▒▒▒♣▒'♣
.p.. .....♣
..pp...♣
......♣.♣
.....p...▒
..........▒


You could see a yaktaur captain and a vault sentinel (catching breath).


Message History

Casting: Leda's Unmaking (dangerous; 2% risk of failure)
Confirm with . or Enter, or press ? or * to list all spells.
Okay, then.
Casting: Leda's Unmaking (dangerous; 2% risk of failure)
Confirm with . or Enter, or press ? or * to list all spells.
You blink.
Unknown command.
You feel much better.
The runic seal fades away.
The yaktaur captain shoots a bolt.
You block the bolt. Magic courses through your body.
The yaktaur captain shoots a bolt.
The bolt hits you!!
* * * LOW HITPOINT WARNING * * *
Unknown command.
You are too injured to fight recklessly!
Unknown command.
Casting: Blink (safe; 1% risk of failure)
Confirm with . or Enter, or press ? or * to list all spells.
Aiming: Leda's Unmaking (dangerous; 2% risk of failure)
Press: ? - help, Shift-Dir - straight line, f/p - vault warden
Aim: a vault warden, wielding a +0 great sword and wearing a +2 chain mail of fire resistance (severely wounded, 77% to hit)
You feel a surge of power!
The entropic shot hits the vault warden!!!
The vault warden dissolves into mud!
You kill the vault warden!
The yaktaur captain shoots a bolt.
The bolt hits you!!!
* * * LOW HITPOINT WARNING * * *
The vault sentinel blows a loud note on a signal horn!
Unknown command.
You feel much better.
The yaktaur captain shoots a bolt.
The bolt hits you!!
You die...

Skill      XL: |  1  2  3  4  5  6  7  8  9 10 11 12 13 14 15 16 17 |
---------------+----------------------------------------------------+-----
Spellcasting   | 2 3 4 5 6 7 8 10 11 | 11.9
Conjurations   | 4 5 6 7 8 10 12 | 12.0
Hexes          | 1 4 6 8 |  8.0
Fighting       | 1 4 5 8 10 | 10.0
Shields        | 3 5 |  5.0
Translocations | 6 8 |  8.0
Evocations     | 2 4 |  4.0
Summonings     | 5 8 10 12 | 12.8
Dodging        | 6 |  6.0
Earth Magic    | 4 9 12 | 12.0
Armour         | 7 11 | 11.1
Stealth        | |  1.7

Action                     |  1- 3 |  4- 6 |  7- 9 | 10-12 | 13-15 | 16-18 || total
---------------------------+-------+-------+-------+-------+-------+-------++-------
  Melee: Dagger            |       |     2 |       |     2 |       |       ||     4
  Throw: Dart              |       |       |       |       |     1 |       ||     1
   Cast: Magic Dart        |    85 |   101 |   204 |   162 |   356 |     7 ||   915
         Searing Ray       |     8 |    18 |    53 |    53 |    45 |     1 ||   178
         Fulminant Prism   |       |     1 |    22 |    76 |    76 |     1 ||   176
         Iskenderun's Myst |       |       |       |    74 |   153 |     5 ||   232
         Summon Mana Viper |       |       |       |    16 |    77 |    60 ||   153
         Summon Forest     |       |       |       |    10 |    16 |    16 ||    42
         Leda's Unmaking   |       |       |       |       |   279 |   317 ||   596
         Irradiate         |       |       |       |       |     4 |    26 ||    30
         Blink             |       |       |       |       |       |     1 ||     1
  Evoke: Wand              |       |       |     1 |       |     2 |     3 ||     6
    Use: Scroll            |       |     4 |     7 |     5 |    11 |    12 ||    39
         Potion            |       |       |       |     2 |     2 |     5 ||     9
 Armour: Robe              |     2 |     9 |    14 |    35 |    66 |    56 ||   182
  Dodge: Dodged            |    13 |    23 |    32 |    72 |   172 |   101 ||   413
  Block: Buckler           |       |       |    22 |    47 |   103 |    60 ||   232

Levels and vault maps discovered:
D:1:      lightli_arrival_statuegarden, layout_basic
D:2:      layout_loops_cross, corexii_leaking_fountain, st_stairs_9,
          grunt_decor_fettered
D:3:      layout_loops_ring, serial_bayou, serial_bayou_crossing,
          serial_bayou_lake_a, serial_bayou_pond_d, serial_bayou_shore_a,
          serial_bayou_ford_a, serial_bayou_lagoon_a
D:4:      layout_basic, minmay_temple_entry_arrows, gup_sewer_entry_glass,
          uniq_robin, uniq_blork_the_orc, uniq_pikel
D:5:      layout_basic, nicolae_gozag_cash_rules_everything_around_me,
          serial_shops, shop, uniq_menkaure
D:6:      layout_basic, chequers_serial_rivers_small_a
D:7:      layout_rooms, uniq_joseph
D:8:      layout_layer_cave, lair_entry_dummy, nicolae_ossuary_entry_monument,
          uniq_erica
D:9:      layout_loops_ring, minitemple
D:10:     layout_irregular_city, serial_shops, shop
D:11:     layout_loops_ring, minmay_misc_feat_secret_circle,
          kennysheep_flooded_box, chequers_garden, uniq_fannar, uniq_sonja
D:12:     layout_basic, minmay_orc_entry_temple_large, minmay_liquid_box
D:13:     layout_roguey [special_room_bee], david_vaults_2
D:14:     layout_grid_maze, kiku_gazebo_pond_becter, minmay_shop_mayhem,
          uniq_nessos, uniq_snorg
D:15:     gammafunk_enter_depths_forms, layout_loops_corners,
          gammafunk_ghost_mausoleum
Temple:   jpeg_temple_island
Lair:1:   layout_layer_cave, nicolae_lair_lindhole, grunt_megastairs_2
Lair:2:   layout_roguey, guppyfry_snake_entry_garden, basic_altar,
          lemuel_fruit_tree, grunt_megastairs_5
Lair:3:   layout_chaotic_city, minmay_swamp_entry_worms, basic_altar,
          grunt_megastairs_3, uniq_josephine
Lair:4:   layout_hall_layers, slime_entry_1
Lair:5:   cheibrodos_lair_end_hotspot, layout_long_grid,
          gammafunk_ghost_necromancy, kennysheep_abandoned_house
Swamp:1:  layout_basic_swamp, nicolae_swamp_oxbows, swamp_pool2,
          grunt_witch_cave, uniq_roxanne, uniq_jorgrun
Swamp:2:  layout_basic_swamp, evilmike_swamp_ruin_rubble_2
Swamp:3:  layout_basic_swamp, evilmike_swamp_ruin_house_4, swamp_pool2,
          nicolae_swamp_bloodsuckers_inc, uniq_bai_suzhen
Swamp:4:  byrel_swamp_growth_death_and_undeath, layout_basic_swamp, uniq_mara
Snake:1:  layout_gridlike, nicolae_triple_integral, uniq_mlioglotl
Snake:2:  layout_chambers, nicolae_shop_firing_range, uniq_nikola, uniq_aizul
Snake:3:  layout_cave_town, nicolae_integral_box
Snake:4:  minmay_snake_end_coiled, layout_rooms, basic_altar, uniq_asterion
Orc:1:    layout_caves, basic_altar
Orc:2:    pubby_orc_utopia
Vaults:1: minmay_guarded_unrand_secular_launcher, nicolae_vaults_stepped_doors,
          hangedman_vaults_corner_blocks, nicolae_vaults_trapezoid_lopsided_1,
          nicolae_vaults_spaceships, v_misc_14, v_rooms_6,
          nicolae_vaults_tangram_2, vaults_room_large_hall,
          nicolae_vaults_more_shelving_1, v_misc_25, vaults_mumra_hexcomb,
          nicolae_vaults_network_periphery, layout_vaults_omnicross
Depths:1: layout_cave_pools, gammafunk_ghost_split, pf_hell_entry_tar_spiral,
          minmay_serpent_palace

Notes
Turn   | Place    | Note
-------+----------+-------------------------------------------
     0 | D:1      | Jackthecabe the Demigod Conjurer began the quest for the
                  | Orb.
     0 | D:1      | Reached XP level 1. HP: 14/14 MP: 5/5
   323 | D:1      | Reached skill level 2 in Spellcasting
   773 | D:1      | Reached XP level 2. HP: 20/20 MP: 4/7
   776 | D:1      | Learned a level 2 spell: Searing Ray
  1123 | D:2      | Reached skill level 4 in Conjurations
  1695 | D:2      | Reached XP level 3. HP: 26/26 MP: 4/9
  2840 | D:3      | Reached skill level 3 in Spellcasting
  2840 | D:3      | Reached XP level 4. HP: 33/33 MP: 5/11
  3220 | D:3      | Reached skill level 5 in Conjurations
  3513 | D:4      | Noticed Robin
  3529 | D:4      | Killed Robin
  3657 | D:4      | Noticed Blork the orc
  3661 | D:4      | Reached XP level 5. HP: 34/38 MP: 6/12
  3665 | D:4      | Killed Blork the orc
  3749 | D:4      | Found a glowing drain.
  3778 | D:4      | Learned a level 4 spell: Fulminant Prism
  3784 | D:4      | Reached skill level 6 in Conjurations
  3794 | Sewer    | Entered a sewer
  4044 | Sewer    | Reached skill level 1 in Hexes
  4201 | Sewer    | Reached XP level 6. HP: 45/45 MP: 5/13
  5225 | D:4      | Found a staircase to the Ecumenical Temple.
  5235 | D:4      | Reached skill level 2 in Hexes
  5503 | D:4      | Noticed Pikel
  5517 | D:4      | Killed Pikel
  5518 | D:4      | Reached skill level 7 in Conjurations
  5518 | D:4      | Reached skill level 4 in Hexes
  5518 | D:4      | Reached XP level 7. HP: 50/50 MP: 3/14
  5729 | D:4      | Learned a level 2 spell: Blink
  6113 | D:5      | Entered Level 5 of the Dungeon
  6118 | D:5      | Noticed Menkaure
  6207 | D:5      | Found Quyxefoe's Antique Armour Emporium.
  6215 | D:5      | Bought a pair of gloves for 67 gold pieces
  6434 | D:5      | Reached skill level 1 in Fighting
  7094 | D:5      | Reached XP level 8. HP: 61/61 MP: 10/15
  7176 | D:5      | Reached skill level 2 in Fighting
  7289 | D:5      | Learned a level 4 spell: Iskenderun's Mystic Blast
  7433 | D:6      | Reached skill level 5 in Hexes
  7436 | D:6      | Reached skill level 8 in Conjurations
  7594 | D:6      | Reached skill level 3 in Fighting
  8214 | D:6      | Reached skill level 4 in Fighting
  8214 | D:6      | Reached skill level 6 in Hexes
  8634 | D:6      | Reached skill level 1 in Shields
  8807 | D:6      | Reached skill level 2 in Shields
  8982 | D:6      | Reached skill level 3 in Shields
  9110 | D:6      | Reached XP level 9. HP: 71/71 MP: 8/16
  9114 | D:6      | Reached skill level 4 in Shields
  9349 | D:6      | Reached skill level 5 in Shields
  9476 | D:6      | Reached skill level 1 in Translocations
  9830 | D:7      | Reached skill level 2 in Translocations
  9957 | D:7      | Reached skill level 3 in Translocations
 10145 | D:7      | Reached skill level 4 in Translocations
 10315 | D:7      | Reached skill level 5 in Translocations
 10421 | D:7      | Noticed Joseph
 10567 | D:7      | Killed Joseph
 10912 | D:8      | Found a staircase to the Lair.
 10928 | D:8      | Noticed Erica
 11046 | D:8      | Found a sand-covered staircase.
 11068 | D:8      | Identified a scroll of acquirement
 11073 | Ossuary  | Entered an ossuary
 11661 | Ossuary  | Reached skill level 1 in Evocations
 11728 | Ossuary  | Reached skill level 6 in Translocations
 12030 | D:8      | Reached skill level 2 in Evocations
 12427 | D:8      | Killed Erica
 12428 | D:8      | Reached skill level 4 in Spellcasting
 12428 | D:8      | Reached XP level 10. HP: 78/78 MP: 6/20
 12434 | D:8      | Learned a level 5 spell: Summon Forest
 13285 | D:8      | Reached skill level 1 in Summonings
 13490 | D:9      | Reached skill level 5 in Spellcasting
 13493 | D:9      | Reached skill level 2 in Summonings
 13788 | D:9      | Reached skill level 3 in Summonings
 13944 | D:9      | Reached skill level 7 in Translocations
 14421 | D:9      | Reached skill level 4 in Summonings
 15097 | Temple   | Entered the Ecumenical Temple
 15403 | D:10     | Entered Level 10 of the Dungeon
 16243 | D:10     | Found Ybbid Zue's Antique Weapon Shoppe.
 16409 | D:11     | Noticed Sonja
 16411 | D:11     | Killed Sonja
 16412 | D:11     | Reached skill level 8 in Translocations
 16427 | D:11     | Noticed Fannar
 16541 | D:11     | Reached skill level 5 in Summonings
 16742 | D:11     | Reached XP level 11. HP: 84/84 MP: 10/23
 17187 | D:11     | Noticed a two-headed ogre
 17508 | D:11     | Reached skill level 6 in Spellcasting
 17508 | D:11     | Reached skill level 6 in Summonings
 17515 | D:11     | Killed a two-headed ogre
 17692 | Lair:1   | Entered Level 1 of the Lair of Beasts
 17815 | D:8      | Reached skill level 7 in Summonings
 18304 | Lair:1   | Reached skill level 8 in Summonings
 18400 | Lair:1   | Learned a level 5 spell: Summon Mana Viper
 18521 | Lair:1   | Noticed a lindwurm
 18527 | Lair:1   | Noticed a lindwurm
 18812 | Lair:1   | Killed a lindwurm
 18813 | Lair:1   | Reached skill level 7 in Hexes
 18928 | Lair:1   | Killed a lindwurm
 19104 | Lair:1   | Reached skill level 8 in Hexes
 20038 | Lair:2   | Reached skill level 5 in Fighting
 20225 | Lair:2   | Reached XP level 12. HP: 84/95 MP: 13/25
 20229 | Lair:2   | Reached skill level 6 in Fighting
 20232 | Lair:2   | Reached skill level 2 in Dodging
 20485 | Lair:2   | Reached skill level 3 in Dodging
 20740 | Lair:2   | Reached skill level 4 in Dodging
 20939 | Lair:2   | Found a staircase to the Snake Pit.
 21151 | Lair:2   | Reached skill level 5 in Dodging
 21677 | Lair:3   | Reached skill level 6 in Dodging
 22094 | Lair:3   | Reached skill level 7 in Spellcasting
 22204 | Lair:3   | Found a staircase to the Swamp.
 22309 | Lair:3   | Noticed Josephine
 22407 | Lair:2   | Reached skill level 7 in Fighting
 22477 | Lair:2   | Killed Josephine
 22993 | Lair:3   | Reached skill level 8 in Fighting
 22998 | Lair:3   | Reached skill level 1 in Earth Magic
 23521 | Lair:4   | Reached skill level 2 in Earth Magic
 23632 | Lair:4   | Noticed a boulder beetle
 23776 | Lair:4   | Found a staircase to the Slime Pits.
 23783 | Lair:4   | Killed a boulder beetle
 23895 | Lair:4   | Reached skill level 3 in Earth Magic
 24027 | Lair:4   | You fall into a shaft and drop 1 floor!
 24027 | Lair:5   | Entered Level 5 of the Lair of Beasts
 24175 | Lair:4   | Reached skill level 4 in Earth Magic
 24175 | Lair:4   | Reached XP level 13. HP: 102/107 MP: 5/27
 24633 | Lair:4   | Reached skill level 5 in Earth Magic
 24638 | Lair:4   | Reached skill level 9 in Conjurations
 24770 | Lair:4   | Identified the +4 chain mail of Rowitt {rElec}
 25342 | Lair:5   | Reached skill level 6 in Earth Magic
 26742 | Lair:5   | Reached skill level 7 in Earth Magic
 26827 | Lair:5   | Found a runed translucent gate.
 26828 | Lair:5   | Found a runed translucent gate.
 26829 | Lair:5   | Found a runed translucent gate.
 26830 | Lair:5   | Noticed Kyrie's ghost (journeyman MiGl)
 28386 | Lair:5   | Reached skill level 8 in Earth Magic
 28537 | Lair:5   | Found a large runed translucent door.
 28537 | Lair:5   | Found a large runed translucent door.
 28923 | D:11     | Killed Fannar
 29077 | D:11     | Reached skill level 10 in Conjurations
 30231 | D:12     | Found a staircase to the Orcish Mines.
 30243 | D:12     | Reached skill level 9 in Earth Magic
 30885 | Orc:1    | Entered Level 1 of the Orcish Mines
 32293 | Orc:2    | Entered Level 2 of the Orcish Mines
 32888 | Orc:2    | Reached XP level 14. HP: 99/115 MP: 21/29
 33034 | Orc:2    | Reached skill level 10 in Earth Magic
 33864 | Orc:2    | Reached skill level 8 in Spellcasting
 34656 | Orc:2    | Found a staircase to the Elven Halls.
 34710 | Orc:2    | Learned a level 6 spell: Leda's Unmaking
 34960 | Orc:2    | Noticed an orc warlord
 35239 | Orc:2    | Found Mekhlaih's Book Boutique.
 35251 | Orc:2    | Found Xuduul's Antique Weapon Shop.
 35936 | Orc:2    | Killed an orc warlord
 36556 | Orc:2    | Found Tagojud's Jewellery Boutique.
 36695 | Orc:2    | Found Olet's General Store.
 36723 | Orc:2    | Bought a potion of curing for 39 gold pieces
 36723 | Orc:2    | Bought a potion of mutation for 104 gold pieces
 36723 | Orc:2    | Bought a scroll of identify for 26 gold pieces
 36894 | Orc:2    | Bought a phial of floods for 520 gold pieces
 37032 | D:12     | Upgraded the game from 0.31-a0-133-gaae73658be to
                  | 0.31-a0-142-g31f6795574
 37513 | D:13     | Reached skill level 11 in Conjurations
 37589 | D:13     | Reached skill level 11 in Earth Magic
 37940 | D:13     | Found a gate to the Vaults.
 38457 | D:14     | Found Kowidaapn's Mayhem Merchandise.
 38483 | D:14     | Noticed Snorg
 38491 | D:14     | Killed Snorg
 39330 | D:14     | Noticed Nessos
 39750 | D:14     | Acquired the staff of earth "Xilidgh" {rPois}
 39768 | D:15     | Entered Level 15 of the Dungeon
 40149 | D:15     | Reached skill level 12 in Conjurations
 40149 | D:15     | Reached skill level 12 in Earth Magic
 40533 | D:15     | Reached XP level 15. HP: 121/121 MP: 22/32
 40578 | D:15     | Reached skill level 9 in Spellcasting
 40818 | D:15     | Found a transporter.
 40846 | D:15     | Noticed Bialiabluu's ghost (adept GrEE)
 41395 | D:15     | Found a transporter.
 41508 | D:15     | Reached skill level 10 in Spellcasting
 41522 | D:15     | Reached skill level 3 in Evocations
 42067 | D:15     | Reached skill level 4 in Evocations
 42261 | D:15     | Found a staircase to the Depths.
 42270 | Depths:1 | Entered Level 1 of the Depths
 42572 | Snake:1  | Entered Level 1 of the Snake Pit
 42572 | Snake:1  | Found the +10 Black Knight's barding {ponderous, rPois rN+}
 42902 | Snake:1  | Reached skill level 9 in Fighting
 43268 | Snake:1  | Noticed Mlioglotl
 44305 | Snake:2  | Noticed Nikola
 45018 | Snake:2  | Noticed a nagaraja
 45039 | Snake:2  | Killed a nagaraja
 45040 | Snake:2  | Reached skill level 10 in Fighting
 45061 | Snake:2  | Noticed Aizul
 45069 | Snake:2  | Killed Aizul
 45070 | Snake:2  | Reached skill level 1 in Armour
 45247 | Snake:2  | Reached skill level 2 in Armour
 45333 | Snake:2  | Reached skill level 3 in Armour
 45772 | Snake:2  | Found Arreudwu's Firing Range.
 45782 | Snake:2  | Bought a throwing net for 39 gold pieces
 46133 | Snake:3  | Reached skill level 4 in Armour
 46535 | Snake:3  | Learned a level 5 spell: Irradiate
 46601 | Snake:3  | Reached skill level 5 in Armour
 46638 | Snake:3  | Noticed a nagaraja
 46798 | Snake:3  | Killed a nagaraja
 47224 | Snake:3  | Reached skill level 6 in Armour
 47360 | Snake:4  | Entered Level 4 of the Snake Pit
 47511 | Snake:3  | Reached skill level 7 in Armour
 47894 | Snake:4  | Reached XP level 16. HP: 134/134 MP: 13/35
 47989 | Snake:4  | Reached skill level 8 in Armour
 48047 | Snake:4  | Identified a +2 robe of the Archmagi
 48391 | Snake:4  | Reached skill level 9 in Armour
 48984 | Snake:4  | Reached skill level 10 in Armour
 49281 | Snake:4  | Noticed Asterion
 49307 | Snake:4  | Killed Asterion
 49687 | Snake:4  | Reached skill level 11 in Armour
 49867 | Snake:4  | Got a serpentine rune of Zot
 50004 | Swamp:1  | Entered Level 1 of the Swamp
 50229 | Orc:2    | Bought a ring of protection from fire for 300 gold pieces
 50841 | Swamp:1  | Noticed Jorgrun
 50852 | Swamp:1  | HP: 6/134 [constriction (11)]
 51114 | Swamp:1  | Killed Jorgrun
 51615 | Swamp:1  | Noticed Roxanne
 51638 | Swamp:1  | Reached skill level 9 in Summonings
 52911 | Swamp:3  | Noticed Bai Suzhen
 52951 | Swamp:2  | Killed Bai Suzhen
 53081 | Swamp:3  | Reached skill level 10 in Summonings
 53469 | Swamp:3  | Reached XP level 17. HP: 140/140 MP: 21/37
 53867 | Swamp:3  | Reached skill level 11 in Spellcasting
 53974 | Swamp:4  | Entered Level 4 of the Swamp
 54467 | Swamp:3  | Reached skill level 11 in Summonings
 54892 | Swamp:4  | HP: 3/140 [spriggan rider/+0 spear[a spriggan druid] (16)]
 55679 | Swamp:4  | Noticed Mara
 55700 | Swamp:4  | Killed Mara
 55912 | Swamp:4  | Identified the +4 broad axe of Dried Tears {antimagic,
                  | Int+8}
 56524 | Swamp:4  | Reached skill level 12 in Summonings
 56980 | Swamp:4  | Got a decaying rune of Zot
 57714 | Vaults:1 | Entered Level 1 of the Vaults
 57735 | Vaults:1 | HP: 9/140 [yaktaur captain/bolt (37)]
 57736 | Vaults:1 | Shot with a bolt by a yaktaur captain

Vanquished Creatures
  Mara (Swamp:4)
  Bai Suzhen (Swamp:2)
  Jorgrun (Swamp:1)
  Asterion (Snake:4)
  2 thorn hunters (Swamp:4)
  2 fenstrider witches
  6 nagarajas
  A vault warden (Vaults:1)
  A hydra skeleton (Swamp:4)
  A very ugly thing (D:15)
  2 vampire knights (Swamp:4)
  3 eleionomae
  3 bunyips
  Snorg (D:14)
  Josephine (Lair:2)
  3 shambling mangroves (Swamp:4)
  A rakshasa (D:15)
  16 hydras
  2 vault guards (Vaults:1)
  Fannar (D:11)
  A ghost crab (Swamp:4)
  14 alligators
  4 centaur warriors
  7 anacondas
  A boulder beetle (D:14)
  A death yak (Lair:4)
  Erica (D:8)
  8 naga warriors
  2 deep troll shamans (Depths:1)
  2 two-headed ogres
  3 orc high priests (Orc:2)
  6 shock serpents
  9 spriggans
  4 naga sharpshooters (Snake:4)
  Sonja (D:11)
  A fire crab (Lair:5)
  3 skeletal warriors (D:15)
  4 spriggan druids
  2 salamander mystics
  A glowing orange brain (D:15)
  2 bog bodies
  4 naga ritualists
  2 lindwurms (Lair:1)
  Pikel (D:4)
  2 spectral hydras (Swamp:4)
  2 phantasmal warriors (Swamp:4)
  6 swamp dragons
  8 orc knights
  A deep elf pyromancer (D:15)
  5 mana vipers
  17 ugly things
  A harpy (shapeshifter) (D:13)
  3 salamanders
  6 orc sorcerers
  4 manticores
  4 cyclopes
  3 will-o-the-wisps
  An elephant (Lair:4)
  Joseph (D:7)
  4 guardian serpents
  24 black mambas
  A molten gargoyle (Lair:5)
  8 naga magi
  A gargoyle (D:11)
  11 cane toads
  An eye of devastation (shapeshifter) (D:13)
  4 rime drakes
  2 kobold demonologists
  5 yaktaurs (D:15)
  A tengu conjurer (D:14)
  A hydra zombie (Swamp:4)
  4 komodo dragons
  A queen bee (D:13)
  A wolf spider simulacrum (D:14)
  12 meliai
  3 trolls
  7 tyrant leeches
  4 death drake zombies (Swamp:4)
  A bloated husk (Swamp:3)
  16 hornets
  A death drake skeleton (Swamp:4)
  A centaur simulacrum (D:15)
  11 blink frogs
  2 shadows (D:13)
  11 slime creatures
  A vampire (D:13)
  A culicivora (shapeshifter) (D:13)
  5 wraiths
  2 wyverns
  41 yaks
  7 basilisks
  24 vampire mosquitoes
  A hog (shapeshifter) (D:15)
  A steam dragon (Lair:5)
  5 wargs
  18 swamp worms
  27 nagas
  3 acid dragons
  4 hell hounds (Lair:5)
  3 hydra simulacra (Swamp:4)
  52 orc warriors
  14 water moccasins
  3 swamp drakes (Swamp:4)
  A black bear (D:7)
  3 ice beasts
  2 swamp dragon zombies (Swamp:4)
  A sky beast (D:7)
  22 ogres
  7 wolves (Lair:2)
  5 centaurs
  3 kobold brigands
  A gnoll sergeant (D:9)
  Blork the orc (D:4)
  10 bullfrogs
  4 scorpions
  11 wights
  27 killer bees
  2 nameless horrors
  5 howler monkeys
  A howler monkey (shapeshifter) (D:13)
  3 lava snakes (Lair:5)
  30 orc priests
  3 hounds
  2 sleepcaps
  26 orc wizards
  6 iguanas
  6 hell rats
  3 mummies (Ossuary)
  Robin (D:4)
  17 adders
  9 gnolls
  7 river rats
  A white imp (D:5)
  An ufetubus (D:6)
  2 dart slugs
  125 orcs
  10 ball pythons
  9 endoplasms
  5 giant cockroaches
  13 hobgoblins
  3 jackals (D:2)
  38 kobolds
  6 quokkas
  3 training dummies (Snake:2)
  7 bats
  4 frilled lizards
  13 goblins
  2 goblin zombies (Ossuary)
  5 hobgoblin zombies (Ossuary)
  3 kobold zombies (Ossuary)
  22 rats
1039 creatures vanquished.

Vanquished Creatures (collateral kills)
  3 nagarajas
  Aizul (Snake:2)
  An orc warlord (Orc:2)
  An eleionoma (Swamp:3)
  3 hydras (Swamp:4)
  A boulder beetle (Lair:4)
  An anaconda (Snake:2)
  A two-headed ogre (D:12)
  A naga warrior (Snake:4)
  3 death yaks (Lair:4)
  A spriggan (Swamp:4)
  An orc high priest (Orc:2)
  3 naga sharpshooters (Snake:4)
  2 fire crabs
  2 skysharks (Lair:3)
  3 goliath frogs
  A spectral hydra (Swamp:4)
  A spriggan druid (Swamp:3)
  A naga ritualist (Snake:4)
  An ironbound convoker (Vaults:1)
  2 mana vipers
  3 orc knights
  5 ugly things (D:15)
  An orc sorcerer (Orc:1)
  3 salamanders
  7 black mambas
  8 elephants
  4 naga magi
  A molten gargoyle (Lair:5)
  2 cane toads
  A komodo dragon (Lair:5)
  A kobold demonologist (D:12)
  A rime drake (Lair:5)
  3 tyrant leeches
  2 trolls
  2 hornets (Swamp:4)
  A shadow (D:12)
  2 basilisks (Lair:5)
  2 wyverns (Lair:5)
  6 yaks
  A vampire mosquito (Swamp:3)
  12 nagas
  3 water moccasins
  10 orc warriors
  A swamp drake (Swamp:4)
  An ogre (Orc:1)
  A swamp dragon skeleton (Swamp:4)
  A kobold brigand (D:12)
  2 bullfrogs (Lair:3)
  A lava snake (Lair:5)
  An orc wizard (Orc:2)
  5 hell rats (Lair:4)
  16 orcs
  A snaplasher vine (Lair:3)
145 creatures vanquished.

Vanquished Creatures (others)
  A bloated husk (Swamp:1)
  2 orc wizards (Orc:2)
  8 foxfires (Swamp:4)
  176 fulminant prisms
  9 snaplasher vines
196 creatures vanquished.

Grand Total: 1380 creatures vanquished

Table legend: (Time is in decaauts)
 A = Elapsed time spent in this place.
 B = Non-inter-level travel time spent in this place.
 C = Inter-level travel time spent in this place.
 D = Time resting spent in this place.
 E = Time spent auto-exploring this place.
 F = Levels seen in this place.
 G = Mean time per level.
                   A        B        C        D        E       F      G
               +--------+--------+--------+--------+--------+-----+--------+
         Total |  57981 |  55051 |   2930 |  15417 |  29788 |  35 | 1656.6 |
       Dungeon |  24296 |  22671 |   1625 |   4816 |  13861 |  15 | 1619.7 |
        Temple |    235 |    211 |     24 |      0 |    206 |   1 |  235.0 |
          Lair |  11297 |  10911 |    386 |   4143 |   5240 |   5 | 2259.4 |
         Swamp |   6720 |   6493 |    227 |   2504 |   2865 |   4 | 1680.0 |
     Snake Pit |   7228 |   6906 |    322 |   2082 |   3287 |   4 | 1807.0 |
  Orcish Mines |   6222 |   5879 |    343 |   1439 |   3437 |   2 | 3111.0 |
        Vaults |     21 |     21 |      0 |      0 |      3 |   1 |   21.0 |
        Depths |      6 |      6 |      0 |      0 |      0 |   1 |    6.0 |
         Sewer |   1169 |   1169 |      0 |    100 |    887 |   1 | 1169.0 |
       Ossuary |    782 |    782 |      0 |    333 |      0 |   1 |  782.0 |
               +--------+--------+--------+--------+--------+-----+--------+

Top non-repeatable levels by time:
   Orc:2: 4627 daAuts
     D:8: 2756 daAuts
  Lair:4: 2691 daAuts
    D:15: 2444 daAuts
  Lair:5: 2371 daAuts
 Snake:4: 2339 daAuts
  Lair:3: 2279 daAuts
  Lair:2: 2130 daAuts
 Swamp:4: 2119 daAuts
 Snake:2: 1984 daAuts
     D:6: 1929 daAuts
 Swamp:3: 1922 daAuts
     D:5: 1863 daAuts
    D:12: 1858 daAuts
  Lair:1: 1824 daAuts

Table legend:
 A = Non-vault XP
 B = Vault XP
 C = Vault XP percentage of total XP
 D = Non-vault monster count
 E = Vault monster count
 F = Vault count percentage of total count
                 A         B        C        D         E       F
            +---------+---------+-------+---------+---------+-------
      Total |  200931 |  108020 |  35.0 |     721 |     463 |  39.1
            +---------+---------+-------+---------+---------+-------
        D:1 |      17 |       0 |   0.0 |      11 |       0 |   0.0
        D:2 |      65 |       6 |   8.5 |      28 |       3 |   9.7
        D:3 |      89 |       0 |   0.0 |      15 |       0 |   0.0
        D:4 |     167 |     838 |  83.4 |      17 |      17 |  50.0
        D:5 |     584 |       0 |   0.0 |      16 |       0 |   0.0
        D:6 |    2145 |       0 |   0.0 |      52 |       0 |   0.0
        D:7 |     997 |     450 |  31.1 |      11 |       1 |   8.3
        D:8 |    3312 |    1051 |  24.1 |      36 |       3 |   7.7
        D:9 |    2653 |       0 |   0.0 |      33 |       0 |   0.0
       D:10 |    1343 |       0 |   0.0 |      18 |       0 |   0.0
       D:11 |    4298 |    1643 |  27.7 |      19 |       2 |   9.5
       D:12 |    4482 |     314 |   6.5 |      25 |      12 |  32.4
       D:13 |    5561 |    3209 |  36.6 |      22 |      28 |  56.0
       D:14 |   10652 |     931 |   8.0 |      22 |       1 |   4.3
       D:15 |   19920 |    4956 |  19.9 |      50 |       9 |  15.3
     Lair:1 |    3126 |    1859 |  37.3 |      14 |       4 |  22.2
     Lair:2 |    5763 |    2526 |  30.5 |      26 |      11 |  29.7
     Lair:3 |    6344 |    1582 |  20.0 |      20 |       6 |  23.1
     Lair:4 |   12149 |     562 |   4.4 |      31 |       6 |  16.2
     Lair:5 |    5571 |    5978 |  51.8 |      15 |      32 |  68.1
    Swamp:1 |   10642 |    5443 |  33.8 |      20 |       5 |  20.0
    Swamp:2 |    7458 |    3175 |  29.9 |      16 |       1 |   5.9
    Swamp:3 |   16060 |    3285 |  17.0 |      28 |      16 |  36.4
    Swamp:4 |   16499 |   26149 |  61.3 |      31 |      40 |  56.3
    Snake:1 |    6655 |       0 |   0.0 |      14 |       0 |   0.0
    Snake:2 |   11121 |    1193 |   9.7 |      18 |       4 |  18.2
    Snake:3 |   13692 |       0 |   0.0 |      29 |       0 |   0.0
    Snake:4 |   19552 |   22838 |  53.9 |      37 |      38 |  50.7
      Orc:1 |    4735 |       0 |   0.0 |      41 |       0 |   0.0
      Orc:2 |       0 |   19616 | 100.0 |       0 |     169 | 100.0
   Vaults:1 |    3648 |       0 |   0.0 |       4 |       0 |   0.0
   Depths:1 |    1631 |       0 |   0.0 |       2 |       0 |   0.0
      Sewer |       0 |     147 | 100.0 |       0 |      41 | 100.0
    Ossuary |       0 |     269 | 100.0 |       0 |      14 | 100.0
            +---------+---------+-------+---------+---------+-------
